 Dungeon Crawl Stone Soup version 0.17-a0-484-g0e03f6a (console) character file.

98 Garrluk the Sneak (level 5, 0/30 HPs)
             Began as a Kobold Assassin on Apr 9, 2015.
             Killed from afar by a hobgoblin (7 damage)
             ... with a wand of magic darts
             ... on level 3 of the Dungeon.
             The game lasted 00:04:42 (1860 turns).

Garrluk the Sneak (Kobold Assassin)                 Turns: 1860, Time: 00:04:42

Health: 0/30       AC:  3    Str: 10    XL:     5   Next: 0%
Magic:  5/5        EV: 14    Int: 12    God:
Gold:   144        SH:  0    Dex: 18    Spells: 0 memorised, 4 levels left

rFire  . . .     SeeInvis .     a - +2 dagger
rCold  . . .     Clarity  .     c - +0 robe
rNeg   . . .     SustAb   .     (shield restricted)
rPois  .         Gourm    .     (no helmet)
rElec  .         Spirit   .     p - +0 cloak
rCorr  .         Warding  .     (no gloves)
rMut   .         Stasis   .     (no boots)
MR     .....                    (no amulet)
Stlth  ++++......               (no ring)
                                t - +3 ring of intelligence

@: not resistant to hostile enchantments, stealthy
A: carnivore 3
a: no special abilities


You were on level 3 of the Dungeon.
You were full.

You visited 1 branch of the dungeon, and saw 3 of its levels.

You collected 144 gold pieces.

Notes
Turn   | Place    | Note
--------------------------------------------------------------
     0 | D:1      | Garrluk, the Kobold Assassin, began the quest for the Orb.
     0 | D:1      | Reached XP level 1. HP: 12/12 MP: 1/1
   238 | D:1      | Reached XP level 2. HP: 11/17 MP: 2/2
   369 | D:1      | Reached skill level 6 in Stealth
   740 | D:2      | Reached XP level 3. HP: 18/21 MP: 3/3
   832 | D:2      | Reached XP level 4. HP: 26/26 MP: 4/4
  1291 | D:3      | Reached skill level 7 in Stealth
  1829 | D:3      | Reached XP level 5. HP: 25/30 MP: 5/5
  1854 | D:3      | Found a radiant altar of Vehumet.
  1860 | D:3      | Killed from afar by a hobgoblin

Inventory:

Hand weapons
 a - a +2 dagger (weapon)
 b - a +0 blowgun
Missiles
 e - 29 poisoned needles
 f - 2 curare-tipped needles
 o - 12 stones (quivered)
Armour
 c - a +0 robe (worn)
 p - a +0 cloak (worn)
   (You found it on level 2 of the Dungeon)
Jewellery
 t - a +3 ring of intelligence (left hand)
   (You found it on level 3 of the Dungeon)
Magical devices
 s - a wand of cold (2)
   (You found it on level 3 of the Dungeon)
Scrolls
 h - 4 scrolls of teleportation {unknown}
 i - 3 scrolls of amnesia {unknown}
 j - 4 scrolls of identify {unknown}
 k - a scroll of noise {unknown}
 q - a scroll of remove curse {unknown}
Potions
 l - a potion of heal wounds {unknown}
 m - a potion of might {unknown}
 n - 2 potions of curing {unknown}
 r - a potion of poison {unknown}
Comestibles
 d - a royal jelly
 g - a meat ration

Table legend:
 A = Turns spent in this place as a percentage of turns spent in the entire game.
 B = Non-inter-level travel turns spent in this place as a percentage of non-inter-level travel turns spent in the entire game.
 C = Inter-level travel turns spent in this place as a percentage of turns spent in this place.
 D = Turns resting spent in this place as a percentage of non-inter-level travel turns spent in this place.
 E = Turns spent auto-exploring this place as a percentage of non-inter-level travel turns spent in this place.
 F = Non-inter-level travel turns spent in this place divided by the number of levels of this place that you've seen.
                   A       B       C       D       E      F
               +-------+-------+-------+-------+-------+----------------------
         Total | 100.0 | 100.0 |   0.3 |   0.7 |  11.1 | 194.3
       Dungeon | 100.0 | 100.0 |   0.3 |   0.7 |  11.1 | 194.3
               +-------+-------+-------+-------+-------+----------------------


   Skills:
 - Level 2.1 Fighting
 + Level 4.3 Short Blades
 - Level 2.6 Throwing
 - Level 1.2 Dodging
 * Level 7.3 Stealth


You had 4 spell levels left.
You didn't know any spells.

Dungeon Overview and Level Annotations

Branches:
Dungeon (3/15)

Altars:
Vehumet


Innate Abilities, Weirdness & Mutations

You are small and have problems with some larger weapons.
You are carnivorous and can eat meat at any time.


Message History

Put on which piece of jewellery? (? for menu, Esc to quit)
You feel clever.
t - a +3 ring of intelligence (left hand)
Found a robe.
A giant gecko and a hobgoblin come into view.
Found a trident.
Found a radiant altar of Vehumet.
The hobgoblin shouts!
Found a metal-bound book.
Unknown command.
The hobgoblin zaps a wand.
The magic dart hits you!
It is a wand of magic darts.
The hobgoblin zaps a wand.
The magic dart hits you!
Found a rapier.
The hobgoblin zaps a wand.
The magic dart hits you!
* * * LOW HITPOINT WARNING * * *
You see here a robe.
You closely miss the hobgoblin. The hobgoblin completely misses you.
You hit the hobgoblin.
The hobgoblin is heavily wounded.
The hobgoblin zaps a wand.
The magic dart hits you!
You die...

####....
#.# # ##...
#.# . #.#
#.# ### .
#.# ... )..
#.# ...
.... #.# ##
.....####.#
. #.:.....#
#...#...##
#.....@l.#
#.#)_g#..#
#.........#
.....#....#
..........#
#........#
........#
......# . .


You could see a giant gecko and a hobgoblin.

Table legend:
 A = Kills in this place as a percentage of kills in entire the game.
 B = Kills by you in this place as a percentage of kills by you in the entire game.
 C = Kills by friends in this place as a percentage of kills by friends in the entire game.
 D = Other kills in this place as a percentage of other kills in the entire game.
 E = Experience gained in this place as a percentage of experience gained in the entire game.
 F = Experience gained in this place divided by the number of levels of this place that you have seen.
                   A       B       C       D       E      F
               +-------+-------+-------+-------+-------+----------------------
         Total | 100.0 | 100.0 |  -nan |  -nan | 100.0 |  46.7
       Dungeon | 100.0 | 100.0 |  -nan |  -nan | 100.0 |  46.7
               +-------+-------+-------+-------+-------+----------------------

Vanquished Creatures
  Monster Symbol All 'K'
  8 kobolds
8 creatures vanquished. All 'S' 4 adders
4 creatures vanquished. All 'Z' A hound zombie (D:2) 2 bat skeletons (D:2) A bat zombie (D:2) A jackal zombie (D:2) A quokka skeleton (D:2)
6 creatures vanquished. All 'b' 6 bats
6 creatures vanquished. All 'g' 8 hobgoblins 5 goblins
13 creatures vanquished. All 'l' 2 giant geckos (D:1)
2 creatures vanquished. All 'r' A quokka (D:3) 7 rats
8 creatures vanquished. All 's' 3 giant cockroaches
3 creatures vanquished.
50 creatures vanquished. Monster Nature Natural Monsters 4 adders 2 giant geckos (D:1) 3 giant cockroaches 8 hobgoblins 6 bats 5 goblins 8 kobolds A quokka (D:3) 7 rats
44 creatures vanquished. Undead Monsters A hound zombie (D:2) 2 bat skeletons (D:2) A bat zombie (D:2) A jackal zombie (D:2) A quokka skeleton (D:2)
6 creatures vanquished.
50 creatures vanquished. Ascending Order A hound zombie (D:2) A bat zombie (D:2) A jackal zombie (D:2) A quokka skeleton (D:2) A quokka (D:3) 2 giant geckos (D:1) 2 bat skeletons (D:2) 3 giant cockroaches 4 adders 5 goblins 6 bats 7 rats 8 hobgoblins 8 kobolds
50 creatures vanquished.

Action                   |  1- 3 |  4- 6 || total
-------------------------+-------+-------++-------
Melee: Dagger            |    91 |    59 ||   150
Evoke: Wand              |       |     1 ||     1
 Stab: Sleeping          |     5 |     7 ||    12
  Eat: Chunk             |       |     8 ||     8
